 Dungeon Crawl Stone Soup version 0.20.0-15-g7f486f2 (webtiles) character file.

224 Naow the Firebug (level 5, -5/28 HPs)
             Began as a Deep Elf Fire Elementalist on June 10, 2017.
             Was an Initiate of Vehumet.
             Killed from afar by an orc wizard (9 damage)
             ... with a puff of flame
             ... on level 4 of the Dungeon.
             The game lasted 00:05:00 (4565 turns).

Naow the Firebug (Deep Elf Fire Elementalist)       Turns: 4565, Time: 00:05:01

Health: -5/28      AC:  2    Str:  5    XL:     5   Next: 67%
Magic:  4/14       EV: 13    Int: 21    God:    Vehumet [......]
Gold:   117        SH:  0    Dex: 15    Spells: 12/13 levels left

rFire    . . .     SeeInvis .   (no weapon)
rCold    . . .     Gourm    .   (no shield)
rNeg     . . .     Faith    .   a - +0 robe
rPois    .         Spirit   .   (no helmet)
rElec    .         Reflect  .   (no cloak)
rCorr    .         Harm     .   (no gloves)
MR       .....                  (no boots)
Stlth    ++........             (no amulet)
Regen    0.1/turn               (no ring)
MPRegen  0.2/turn               (no ring)

@: no status effects
A: no striking features
a: Renounce Religion


You were on level 4 of the Dungeon.
You worshipped Vehumet.
Vehumet was noncommittal.
You were not hungry.

You visited 1 branch of the dungeon, and saw 4 of its levels.

You collected 117 gold pieces.

Inventory:

Armour
 a - a +0 robe (worn)
Jewellery
 d - an uncursed ring of wizardry {unknown}
Wands
 j - a wand of random effects (36/48)
Scrolls
 e - a scroll of noise {unknown}
 f - a scroll of teleportation {unknown}
 g - 3 scrolls of identify {unknown}
 h - a scroll of amnesia {unknown}
 i - a scroll of magic mapping {unknown}
 m - a scroll of immolation {unknown}
 o - a scroll of recharging {unknown}
 p - a scroll of enchant armour {unknown}
Potions
 k - 2 potions of mutation {unknown}
 q - a potion of curing
Books
 b - a book of Flames

   Spells                             Type                      Level
   a - Flame Tongue                   Conjuration/Fire             1
   b - Throw Flame                    Conjuration/Fire             2
   c - Conjure Flame                  Conjuration/Fire             3
   d - Inner Flame                    Hexes/Fire                   3
   e - Sticky Flame                   Conjuration/Fire             4
   f - Fireball                       Conjuration/Fire             5
 n - Vehumet's Compendium of Conjuration
   (You found it on level 3 of the Dungeon)

   Spells                             Type                      Level
   a - Magic Dart                     Conjuration                  1
Comestibles
 c - 4 bread rations
 l - 2 fruits


   Skills:
 - Level 2.4 Dodging
 - Level 2.4 Stealth
 + Level 4.8 Spellcasting
 + Level 3.2 Conjurations
 * Level 5.4 Fire Magic


You had 12 spell levels left.
You knew the following spells:

 Your Spells              Type           Power        Failure   Level  Hunger
a - Flame Tongue          Conj/Fire      ###..        1%          1    None


Dungeon Overview and Level Annotations

Branches:
Dungeon (4/15)             Temple (0/1) D:4

Altars:
Ashenzari
Kikubaaqudgha
Okawaru
Sif Muna
Vehumet


Message History

The orc wizard is heavily wounded.
The orc wizard hits you but does no damage.
Casting: Flame Tongue
Confirm with . or Enter, or press ? or * to list all spells.
Aiming: Flame Tongue
Press: ? - help, Shift-Dir - straight line, f/p - orc wizard
Aim: an orc wizard, wielding a dagger and wearing a robe (heavily wounded)
The flame tongue hits the orc wizard.
The orc wizard is heavily wounded.
The orc wizard hits you with a dagger.
* * * LOW HITPOINT WARNING * * *
Casting: Flame Tongue
Confirm with . or Enter, or press ? or * to list all spells.
Aiming: Flame Tongue
Press: ? - help, Shift-Dir - straight line, f/p - orc wizard
Aim: an orc wizard, wielding a dagger and wearing a robe (heavily wounded)
The flame tongue misses the orc wizard.
The orc wizard casts a spell at you. The puff of flame hits you!
You die...

#..# ###.######.##.#
#.####
###..###..........##.#
#.##..
.....>...#.#########.#
#.##.# .##.######.#
#.....# #.##.# .#### #.#
#.##### #.##.# .#
#.#####.###########.##.#
.#
#...................##.#
.#
......(.......########.#
.#
#######@#####.#######...
.# ##.########o#
#.#........# .#


..ooooo.o.oo# #.#.#####... .# ##.########## #.#.######.. .# #...(......# ^#
#.#.######.# .# #.#.# #.# .# #.#.# #.# .# #.#.# #.# You could see 2 orc wizards
and an orc.

Vanquished Creatures
  2 worker ants (D:4)
  9 adders
  An ooze (D:3)
  4 worms
  3 leopard geckos
  5 orcs
  A ball python (D:3)
  6 giant cockroaches
  7 goblins
  4 hobgoblins
  4 jackals
  7 kobolds
  A quokka (D:4)
  12 bats
  4 frilled lizards
  5 rats
75 creatures vanquished.

Notes
Turn   | Place    | Note
-------+----------+-------------------------------------------
     0 | D:1      | Naow the Deep Elf Fire Elementalist began the quest for the Orb.
     0 | D:1      | Reached XP level 1. HP: 10/10 MP: 6/6
   255 | D:1      | Reached XP level 2. HP: 15/15 MP: 6/8
  1474 | D:2      | Reached XP level 3. HP: 19/19 MP: 6/10
  1905 | D:2      | Reached skill level 4 in Fire Magic
  2194 | D:2      | Reached XP level 4. HP: 5/24 MP: 0/12
  3472 | D:3      | Found an ancient bone altar of Kikubaaqudgha.
  3472 | D:3      | Found a deep blue altar of Sif Muna.
  3474 | D:3      | Found a radiant altar of Vehumet.
  3480 | D:3      | Identified Vehumet's Compendium of Conjuration
  3508 | D:3      | Reached XP level 5. HP: 28/28 MP: 10/13
  3524 | D:3      | Became a worshipper of Vehumet
  3928 | D:4      | Reached skill level 5 in Fire Magic
  4144 | D:4      | Found a staircase to the Ecumenical Temple.
  4419 | D:4      | Found an iron altar of Okawaru.
  4422 | D:4      | Found a shattered altar of Ashenzari.
  4565 | D:4      | Killed from afar by an orc wizard

Skill      XL: |  1  2  3  4  5 |
---------------+----------------+-----
Spellcasting   | 4 |  4.8
Conjurations   | 2 3 |  3.2
Fire Magic     | 4 5 |  5.4
Dodging        | |  2.4
Stealth        | |  2.4

Action                   |  1- 3 |  4- 6 || total
-------------------------+-------+-------++-------
Melee: Unarmed           |    11 |     1 ||    12
 Cast: Flame Tongue      |    72 |    94 ||   166
  Use: Potion            |     1 |     1 ||     2
  Eat: Chunk             |     4 |     7 ||    11
Armor: Robe              |    19 |     4 ||    23
Dodge: Dodged            |    57 |    24 ||    81
